 Dungeon Crawl Stone Soup version 0.18.1-48-g4cf74bf (webtiles) character file.

219 KrisztiCat the Digger (level 5, -7/28 HPs)
             Began as a Gargoyle Earth Elementalist on July 1, 2016.
             Mangled by junkhipster's ghost (9 damage)
             ... on level 4 of the Dungeon.
             The game lasted 00:20:54 (3036 turns).

KrisztiCat the Digger (Gargoyle Earth Elementalist) Turns: 3036, Time: 00:20:54

Health: -7/28      AC:  9    Str: 10 (12) XL:     5   Next: 96%
Magic:  5/12       EV: 11    Int: 13 (16) God:
Gold:   146        SH:  0    Dex:  7 (10) Spells: 2 memorised, 9 levels left

rFire  . . .     SeeInvis .     b - 56 stones
rCold  + . .     Gourm    .     e - +1 animal skin
rNeg   + . .     Faith    .     (no shield)
rPois  ∞         Spirit   .     o - +0 helmet
rElec  +         Dismiss  .     (no cloak)
rCorr  .         Reflect  .     k - +0 pair of gloves
SustAt .         Harm     .     (no boots)
MR     .....                    (no amulet)
Stlth  ++........               (no ring)
                                w - ring of protection from cold

@: not resistant to hostile enchantments, unstealthy
A: negative energy resistance 1, electricity resistance, unbreathing,
petrification resistance, rot immunity, AC +4
a: no special abilities


You were on level 4 of the Dungeon.
You were not hungry.

You visited 1 branch of the dungeon, and saw 4 of its levels.

You collected 146 gold pieces.

Inventory:

Hand Weapons
 h - a +0 mace
Missiles
 b - 56 stones (in hand)
Armour
 a - a +0 robe
 e - a +1 animal skin (worn)
 k - a +0 pair of gloves (worn)
 o - a +0 helmet (worn)
Jewellery
 w - a ring of protection from cold (left hand)
Wands
 y - a wand of lightning (8/15)
Scrolls
 f - a scroll of remove curse
 g - a scroll of fear {unknown}
 l - a scroll of enchant weapon {unknown}
 n - 2 scrolls of amnesia
 p - a scroll of magic mapping
 q - a scroll of teleportation {unknown}
 s - a scroll of immolation {unknown}
 v - a scroll of random uselessness {unknown}
 x - a scroll of identify
 A - a scroll of recharging {unknown}
 B - a scroll of noise {unknown}
Potions
 j - 2 potions of brilliance
 r - a potion of lignification {unknown}
 u - 2 potions of degeneration
Books
 c - a book of Geomancy

   Spells                             Type                      Level
   a - Sandblast                      Earth                        1
   b - Passwall                       Transmutation/Earth          2
   c - Stone Arrow                    Conjuration/Earth            3
   d - Petrify                        Transmutation/Earth          4
   e - Lee's Rapid Deconstruction     Earth                        5
Comestibles
 d - a bread ration
 i - 7 chunks of flesh
 m - a royal jelly
 t - 2 meat rations
 z - a beef jerky


   Skills:
 - Level 1.5 Dodging
 - Level 2.1 Stealth
 * Level 4.7 Spellcasting
   Level 0.7 Transmutations
 + Level 5.1 Earth Magic


You had 9 spell levels left.
You knew the following spells:

 Your Spells              Type           Power        Failure   Level  Hunger
a - Sandblast             Erth           ###...       2%          1    None
b - Stone Arrow           Conj/Erth      #.....       21%         3    ###....


Dungeon Overview and Level Annotations

Branches:
Dungeon (4/15)
 Temple: D:4-7

Altars:
Cheibriados
Elyvilon
Makhleb
Nemelex Xobeh
Zin

Annotations:
D:4 junkhipster's ghost, novice FoFi


Innate Abilities, Weirdness & Mutations

You are resistant to torment.
Your stone body is resilient (AC +4).
You are immune to poison.
You resist negative energy.
You are resistant to electric shocks.
You can survive without breathing.
You are immune to petrification.
You are immune to rotting.


Message History

Read which item? (? for menu, Esc to quit)
Okay, then.
Drink which item? (? for menu, Esc to quit)
Okay, then.
Casting: Sandblast
Confirm with . or Enter, or press ? or * to list all spells.
Aiming: Sandblast
Press: ? - help, Shift-Dir - straight line, f/p - junkhipster's ghost
Aim: junkhipster's ghost (moderately damaged)
The rocky blast hits junkhipster's ghost.
Junkhipster's ghost is moderately damaged.
Junkhipster's ghost shouts, "You will never get the ORB!"
Junkhipster's ghost hits you!
* * * LOW HITPOINT WARNING * * *
Drink which item? (? for menu, Esc to quit)
It was a potion of degeneration.
There was something very wrong with that liquid.
You feel weakened.
You feel dopey.
You feel clumsy. Junkhipster's ghost hits you!
You die...

# ##. #..
#.# #.# #.#
##.# #@.#
#W## #.# #.#
#.# #.# #.#
#<#
#..........#


You could see junkhipster's ghost.

Vanquished Creatures
  An orc priest (D:3)
  2 orc wizards (D:3)
  Robin (D:3)
  2 adders (D:3)
  An ooze (D:1)
  3 worms
  A dart slug (D:2)
  2 giant geckos
  8 orcs (D:3)
  A ball python (D:2)
  14 bats
  4 giant cockroaches
  16 goblins
  9 hobgoblins
  2 jackals (D:2)
  A giant newt (D:2)
  5 kobolds
  13 rats
86 creatures vanquished.

Notes
Turn   | Place    | Note
--------------------------------------------------------------
     0 | D:1      | KrisztiCat the Gargoyle Earth Elementalist began the quest for the Orb.
     0 | D:1      | Reached XP level 1. HP: 10/10 MP: 3/3
   208 | D:1      | Reached XP level 2. HP: 13/15 MP: 5/5
   527 | D:1      | Reached skill level 4 in Earth Magic
   670 | D:1      | Reached XP level 3. HP: 19/19 MP: 2/7
  1127 | D:2      | Learned a level 3 spell: Stone Arrow
  1686 | D:2      | Reached XP level 4. HP: 21/24 MP: 8/8
  1972 | D:4      | Found a white marble altar of Elyvilon.
  2007 | D:3      | Noticed Robin
  2014 | D:3      | Killed Robin
  2219 | D:4      | Noticed junkhipster's ghost (novice FoFi)
  2235 | D:3      | Reached XP level 5. HP: 12/28 MP: 6/11
  2447 | D:3      | Reached skill level 5 in Earth Magic
  2562 | D:3      | Found a burning altar of Makhleb.
  2581 | D:3      | Found a snail-covered altar of Cheibriados.
  2582 | D:3      | Found a glowing silver altar of Zin.
  2583 | D:3      | Found a sparkling altar of Nemelex Xobeh.
  3036 | D:4      | Mangled by junkhipster's ghost

Skill      XL: |  1  2  3  4  5 |
---------------+----------------+-----
Earth Magic    | 4 5 |  5.1
Spellcasting   | 3 4 |  4.7
Dodging        | |  1.5
Stealth        | |  2.1
Transmutations | |  0.7

Action                   |  1- 3 |  4- 6 || total
-------------------------+-------+-------++-------
Melee: Unarmed           |    15 |       ||    15
       Mace              |   129 |    68 ||   197
 Cast: Sandblast         |    44 |    65 ||   109
  Use: Scroll            |       |     4 ||     4
       Potion            |       |     4 ||     4
 Stab: Sleeping          |     1 |     1 ||     2
       Distracted        |       |     1 ||     1
  Eat: Chunk             |     3 |     5 ||     8
Armor: Robe              |    71 |    64 ||   135
       Animal skin       |       |    10 ||    10
Dodge: Dodged            |   160 |   127 ||   287
